 Dungeon Crawl Stone Soup version 0.22-a0-772-gac08f70 (webtiles) character file.

32 Amnesiac the Magician (level 3, 17/24 HPs)
             Began as a Demonspawn Earth Elementalist on July 17, 2018.
             Quit the game on level 2 of the Dungeon.
             The game lasted 00:01:19 (233 turns).

Amnesiac the Magician (DsEE)                         Turns: 233, Time: 00:01:20

Health: 17/24      AC:  2    Str:  8    XL:     3   Next: 10%
Magic:  0/7        EV: 12    Int: 17    God:
Gold:   51         SH:  0    Dex: 13    Spells: 6/7 levels left

rFire    . . .     SeeInvis .   e - +0 mace
rCold    . . .     Gourm    .   (no shield)
rNeg     . . .     Faith    .   c - +0 robe
rPois    .         Spirit   .   (no helmet)
rElec    .         Reflect  .   (no cloak)
rCorr    .         Harm     .   (no gloves)
MR       .....                  (no boots)
Stlth    ++........             (no amulet)
HPRegen  0.08/turn              (no ring)
MPRegen  0.10/turn              (no ring)

@: no status effects
A: claws 1, sturdy frame 1
a: no special abilities


You were on level 2 of the Dungeon.
You were not hungry.

You visited 1 branch of the dungeon, and saw 3 of its levels.

You collected 51 gold pieces.

Inventory:

Hand Weapons
 e - a +0 mace (weapon)
 f - a +0 dagger
Missiles
 b - 24 stones (quivered)
Armour
 c - a +0 robe (worn)
Scrolls
 a - a scroll of fog {!r, unknown}
Comestibles
 d - a ration


   Skills:
 + Level 2.2 Dodging
 - Level 2.3 Stealth
 - Level 2.7 Spellcasting
   Level 0.8 Transmutations
 - Level 2.6 Earth Magic


You had 6 spell levels left.
You knew the following spells:

 Your Spells              Type           Power        Failure   Level  Hunger
a - Sandblast             Erth           ##....       6%          1    #......

Your spell library contained the following spells:

 Spells                   Type           Power        Failure   Level  Hunger
 Stone Arrow              Conj/Erth      #.....       30%         3    ###....
 Passwall                 Tmut/Erth      #.......     13%         2    ##.....
 Lee's Rapid Deconstruct  Erth           ##........   86%         5    ######.
 Petrify                  Tmut/Erth      #.......     65%         4    #####..


Dungeon Overview and Level Annotations

Branches:
Dungeon (3/15)

Altars:
Dithmenos

Annotations:
D:3 Grinder


Innate Abilities, Weirdness & Mutations

You have sharp fingernails.
Your movements are slightly less encumbered by armour. (ER -2)


Message History

You miscast Sandblast.
You are very lightly contaminated with residual magic.
Nothing appears to happen.
The jelly hits you but does no damage.
Unknown command.
Casting: Sandblast (safe; 7% risk of failure)
Confirm with . or Enter, or press ? or * to list all spells.
Aiming: Sandblast (safe; 7% risk of failure)
Press: ? - help, Shift-Dir - straight line, f/p - jelly
Aim: a jelly The blast of sand hits the jelly.
The jelly is moderately wounded.
b - 27 stones The jelly completely misses you.
Unknown command.
Casting: Sandblast (safe; 7% risk of failure)
Confirm with . or Enter, or press ? or * to list all spells.
Aiming: Sandblast (safe; 7% risk of failure)
Press: ? - help, Shift-Dir - straight line, f/p - jelly
Aim: a jelly (moderately wounded)
The blast of sand hits the jelly.
The jelly is heavily wounded.
b - 26 stones The jelly hits you.
You are splashed with acid!
The acid burns!
Unknown command.
Casting: Sandblast (safe; 7% risk of failure)
Confirm with . or Enter, or press ? or * to list all spells.
You don't have enough magic to cast that spell.
Casting: Sandblast (safe; 7% risk of failure)
Confirm with . or Enter, or press ? or * to list all spells.
You don't have enough magic to cast that spell.
Casting: Sandblast (safe; 7% risk of failure)
Confirm with . or Enter, or press ? or * to list all spells.
You don't have enough magic to cast that spell.
Casting: Sandblast (safe; 7% risk of failure)
Confirm with . or Enter, or press ? or * to list all spells.
Aiming: Sandblast (safe; 7% risk of failure)
Press: ? - help, Shift-Dir - straight line, f/p - jelly
Aim: a jelly (heavily wounded)
The blast of sand hits the jelly.
The jelly is severely wounded.
b - 25 stones The jelly barely misses you.
Your magical contamination has completely faded away.
Casting: Sandblast (safe; 7% risk of failure)
Confirm with . or Enter, or press ? or * to list all spells.
Aiming: Sandblast (safe; 7% risk of failure)
Press: ? - help, Shift-Dir - straight line, f/p - jelly
Aim: a jelly (severely wounded)
The blast of sand hits the jelly.
You kill the jelly!
Training target 2.0 for Stealth reached!
Training target 2.6 for Spellcasting reached!
Your Dodging skill increases to level 2!
Your Stealth skill increases to level 2!
You have reached level 2!
Your demonic ancestry asserts itself...
Your fingernails lengthen.
You have reached level 3!
Your experience leads to an increase in your attributes!
Increase (S)trength, (I)ntelligence, or (D)exterity?
You feel clever.
Your demonic ancestry asserts itself...
You feel less encumbered by your armour.
b - 24 stones Are you sure you want to abandon this character and quit the game? (Confirm with "yes".)

#.# #.#..# ##.##
#.# #.#..###...###
#.# #.#..##......#
..###......#...#.#
.......##.###.##.#
##.....#.## ##.#.#
#.##..##.###.##.#
...........#.# #.#
.........##.## #@#
.......(.....###>#
................#
##.....#....#####
##...##.#.## .....
#.#.# ###### #.#.#
#...# ##..#


There were no monsters in sight!

Vanquished Creatures
  A jelly (D:2)
  A hobgoblin (D:2)
  A kobold (D:2)
  A rat (D:2)
4 creatures vanquished.

Notes
Turn   | Place    | Note
-------+----------+-------------------------------------------
     0 | D:1      | Amnesiac the Demonspawn Earth Elementalist began the quest for the Orb.
     0 | D:1      | Reached XP level 1. HP: 13/13 MP: 3/3
   175 | D:3      | Found a shadowy altar of Dithmenos.
   176 | D:3      | Noticed Grinder
   201 | D:2      | Noticed a jelly
   232 | D:2      | Killed a jelly
   232 | D:2      | Gained mutation: You have sharp fingernails. [demonic ancestry]
   232 | D:2      | Reached XP level 2. HP: 13/19 MP: 0/5
   232 | D:2      | Gained mutation: Your movements are slightly less encumbered by armour. (ER -2) [demonic ancestry]
   232 | D:2      | Reached XP level 3. HP: 17/24 MP: 0/7
   233 | D:2      | Quit the game

Vault maps used:
D:1:      lemuel_arrival_broad_hall, kennysheep_boxes
D:2:      cheibrodos_greedy_goblins, grunt_temple_overflow_open, first_ration
D:3:      overflow_temple_1_default, grunt_ministairs_13, uniq_grinder,
          uniq_jessica

Skill      XL: |  1 |
---------------+----+-----
Dodging        | 2 |  2.2
Stealth        | 2 |  2.3
Spellcasting   | |  2.7
Transmutations | |  0.8
Earth Magic    | |  2.6

Action                   || total
-------------------------++-------
Melee: Mace              ||     6
 Cast: Sandblast         ||     6
 Stab: Sleeping          ||     1
Armor: Robe              ||     1
Dodge: Dodged            ||     8

Table legend:
 A = Spawn XP
 B = Non-spawn XP
 C = Spawn XP percentage of total XP
 D = Spawn monster count
 E = Non-spawn monster count
 F = Spawn count percentage of total count
 G = Total turns spent on level
                    A         B        C        D         E        F      G
               +---------+---------+-------+---------+---------+-------+---------
         Total |       0 |      47 |   0.0 |       0 |       4 |   0.0 |   233
               +---------+---------+-------+---------+---------+-------+---------
           D:2 |       0 |      47 |   0.0 |       0 |       4 |   0.0 |   194
               +---------+---------+-------+---------+---------+-------+---------
